 Dungeon Crawl Stone Soup version 0.19-a0-1341-g3513869 (webtiles) character file.

13185 4thArraOfDagon the Brawler (level 11, -14/90 HPs)
             Began as a Troll Ice Elementalist on Sept 1, 2016.
             Was a Priest of the Shining One.
             Demolished by a large slime creature (19 damage)
             ... on level 12 of the Dungeon.
             The game lasted 00:27:14 (4315 turns).

4thArraOfDagon the Brawler (Troll Ice Elementalist) Turns: 4315, Time: 00:27:15

Health: -14/90     AC:  6    Str: 18 (20) XL:     11   Next: 72%
Magic:  13/13      EV: 11    Int: 14      God:    the Shining One [***...]
Gold:   101        SH:  0    Dex: 11 (12) Spells: 1 memorised, 11 levels left

rFire  . . .     SeeInvis .       - Unarmed
rCold  . . .     Gourm    +     o - +0 robe
rNeg   + + .     Faith    .     (no shield)
rPois  .         Spirit   .     (helmet restricted)
rElec  .         Dismiss  .     i - +1 cloak
rCorr  .         Reflect  .     (gloves unavailable)
MR     .....     Harm     .     (boots unavailable)
Stlth  +.........               (no amulet)
                                (no ring)
                                v - ring of positive energy

@: confused, very slightly contaminated, hasted, glowing, very quick
A: unfitting armour, claws 3, horns 1, agile 1, deformed body, deterioration 1,
fast metabolism 3, frail 1, gourmand, regeneration 1, shaggy fur 1, strong 1,
tough skin 2
a: Divine Shield, Renounce Religion


You were on level 12 of the Dungeon.
You worshipped the Shining One.
The Shining One was most pleased with you.
You were not hungry.

You visited 1 branch of the dungeon, and saw 15 of its levels.

You collected 285 gold pieces.
You spent 184 gold pieces at shops.

Inventory:

Hand Weapons
 s - a +1 giant spiked club
Armour
 a - a +0 robe
 i - a +1 cloak (worn)
 j - a +1 robe of fire resistance
 o - a +0 robe (worn)
Jewellery
 e - an uncursed ring of teleportation
 g - an uncursed ring of see invisible
 l - an uncursed ring of wizardry
 p - an uncursed ring of fire
 v - a ring of positive energy (left claw)
Wands
 h - a wand of random effects (10/48)
 q - a wand of acid (7/15)
 x - a wand of iceblast (5/15)
Scrolls
 d - a scroll of fog
 m - a scroll of recharging
 u - a scroll of immolation
 B - 5 scrolls of identify
 C - a scroll of enchant armour
Potions
 f - a potion of resistance
 k - 3 potions of cancellation
Books
 b - a book of Frost

   Spells                             Type                      Level
   a - Freeze                         Ice                          1
   b - Throw Frost                    Conjuration/Ice              2
   c - Ozocubu's Armour               Charms/Ice                   3
   d - Throw Icicle                   Conjuration/Ice              4
   e - Summon Ice Beast               Ice/Summoning                4
Comestibles
 c - 9 bread rations
 n - 4 meat rations
 w - 10 royal jellies


   Skills:
 + Level 4.3 Fighting
 + Level 4.6 Dodging
 - Level 1.1 Stealth
 * Level 15.7 Unarmed Combat
 - Level 1.2 Spellcasting
   Level 0.6 Conjurations
 - Level 2.1 Ice Magic
 + Level 4.5 Invocations


You had 11 spell levels left.
You knew the following spells:

 Your Spells              Type           Power        Failure   Level  Hunger
a - Freeze                Ice            #...         12%         1    ##.....


Dungeon Overview and Level Annotations

Branches:
Dungeon (15/15)
 Temple: D:4-7         Lair: D:8-11         Orc: D:9-12      Vaults: D:13-14
 Depths: D:15

Altars:
Dithmenos
Fedhas
Gozag
Hepliaklqana
The Shining One

Shops:
D:5 *   D:7 %   D:8 *   D:12 *

Annotations:
D:6 Leszczynek's ghost, amateur OgMo
D:7 Duvessa
D:12 Nergalle


Innate Abilities, Weirdness & Mutations

You are too large for most types of armour.
You have claws for hands.
Your metabolism is lightning-fast.
You like to eat raw meat.
Your natural rate of healing is unusually fast.
You are covered in fur. (AC +1)
You have very tough skin. (AC +2)
You have a pair of small horns on your head.
You are agile. (Dex +2)
Armour fits poorly on your strangely shaped body.
Your body sometimes deteriorates upon taking damage.
You are frail. (-10% HP)
Your muscles are strong. (Str +2)


Message History

Unknown command.
The slime creature hits you.
* * * LOW HITPOINT WARNING * * *
Unknown command.
It was a potion of ambrosia.
You are confused.
You feel invigorated. The slime creature hits you.
* * * LOW HITPOINT WARNING * * *
Unknown command.
Okay, then.
Evoke which item? (* to show all) (? for menu, Esc to quit)
Okay, then.
You bump into the rock wall.
The large slime creature hits you!
* * * LOW HITPOINT WARNING * * *
Unknown command.
Unknown command.
You bump into the rock wall.
The slime creature hits you!
* * * LOW HITPOINT WARNING * * *
The large slime creature hits you!!
You die...

###.#####
#.....J@#
#.#.###J#
#.# #.#
#.# #>#
#.......#
##.#.##.#
# #.#


You could see a large slime creature and a slime creature.

Vanquished Creatures
  A centaur warrior (D:13)
  An anaconda (shapeshifter) (D:13)
  The ghost of rlgrobin the Cleaver, a novice FoFi of Okawaru (D:8)
  Pikel (D:5)
  3 hill giants
  An ugly thing (D:14)
  A gargoyle (D:13)
  A centaur zombie (D:13)
  A centaur skeleton (D:14)
  A freezing wraith (D:13)
  A troll (D:11)
  3 slime creatures (D:13)
  A shadow (D:13)
  6 yaks (D:10)
  A vampire (D:11)
  A wyvern (D:7)
  2 hippogriffs
  2 hungry ghosts
  4 vampire mosquitoes (D:12)
  4 water moccasins
  3 slaves (D:5)
  2 orc warriors
  2 black bears
  2 sky beasts
  2 phantoms
  3 ice beasts
  4 ogres
  2 centaurs
  6 giant frogs
  3 scorpions
  13 killer bees
  7 wights
  2 howler monkeys (D:13)
  2 crimson imps
  A giant frog zombie (D:5)
  A quasit (D:8)
  6 hounds
  4 jellies
  6 orc priests
  3 giant frog skeletons
  Jessica (D:2)
  7 iguanas
  9 orc wizards
  7 worker ants
  A killer bee zombie (D:8)
  7 gnolls
  8 adders
  2 shadow imps
  5 oozes (D:8)
  2 adder zombies
  A worm (D:3)
  3 giant geckos
  28 orcs
  4 bats
  4 giant cockroaches
  A goblin (D:1)
  A hobgoblin (D:2)
  6 jackals
  2 quokkas
  2 ball pythons
  6 giant newts
  3 goblin skeletons (D:8)
  A goblin zombie (D:8)
  A hobgoblin zombie (D:8)
  3 kobolds (D:1)
  2 kobold skeletons (D:8)
  A kobold zombie (D:8)
  3 orc skeletons (D:8)
  3 orc zombies (D:8)
  3 rats
238 creatures vanquished.

Vanquished Creatures (others)
  3 fungi (D:7)
3 creatures vanquished.

Grand Total: 241 creatures vanquished

Notes
Turn   | Place    | Note
-------+----------+-------------------------------------------
     0 | D:1      | 4thArraOfDagon the Troll Ice Elementalist began the quest for the Orb.
     0 | D:1      | Reached XP level 1. HP: 16/16 MP: 1/1
    52 | D:1      | Reached skill level 1 in Unarmed Combat
   145 | D:1      | Reached XP level 2. HP: 24/24 MP: 2/2
   176 | D:2      | Noticed Jessica
   201 | D:2      | Killed Jessica
   201 | D:2      | Reached skill level 2 in Unarmed Combat
   201 | D:2      | Reached XP level 3. HP: 29/31 MP: 3/3
   240 | D:3      | Reached skill level 3 in Unarmed Combat
   309 | D:4      | HP: 1/31 [giant gecko (5)]
   311 | D:4      | Reached XP level 4. HP: 2/39 MP: 4/4
   348 | D:5      | Entered Level 5 of the Dungeon
   358 | D:5      | Reached skill level 4 in Unarmed Combat
   368 | D:5      | Noticed Pikel
   368 | D:5      | Noticed a slave
   368 | D:5      | Noticed a slave
   368 | D:5      | Noticed a slave
   369 | D:5      | Noticed a slave
   397 | D:5      | Found a shadowy altar of Dithmenos.
   397 | D:5      | Found a blossoming altar of Fedhas.
   426 | D:5      | HP: 1/39 [acid (9)]
   479 | D:6      | Found an opulent altar of Gozag.
   490 | D:6      | Reached XP level 5. HP: 27/45 MP: 5/5
   503 | D:6      | Reached skill level 5 in Unarmed Combat
   592 | D:7      | Noticed a hill giant
   660 | D:7      | Noticed an ogre
   677 | D:7      | 4thArraOfDagon: lags
   689 | D:7      | Reached skill level 6 in Unarmed Combat
   689 | D:7      | Reached XP level 6. HP: 48/53 MP: 6/6
   754 | D:7      | Noticed a water moccasin
   761 | D:7      | Killed a water moccasin
   769 | D:7      | Reached skill level 7 in Unarmed Combat
   769 | D:7      | Reached XP level 7. HP: 42/59 MP: 7/7
   797 | D:7      | Found Wiffonewn's Food Emporium.
   804 | D:7      | Noticed Duvessa
   895 | D:6      | Noticed Leszczynek's ghost (amateur OgMo)
   932 | D:7      | Reached skill level 8 in Unarmed Combat
  1011 | D:7      | Noticed a wyvern
  1024 | D:7      | Killed a wyvern
  1024 | D:7      | Reached skill level 9 in Unarmed Combat
  1072 | D:6      | Reached XP level 8. HP: 34/67 MP: 8/8
  1083 | D:6      | Gained mutation: Your body sometimes deteriorates upon taking damage. [mutagenic meat]
  1086 | D:6      | Gained mutation: Armour fits poorly on your strangely shaped body. [mutagenic meat]
  1089 | D:6      | Gained mutation: Your muscles are strong. (Str +2) [mutagenic meat]
  1092 | D:6      | Gained mutation: You are frail. (-10% HP) [mutagenic meat]
  1095 | D:6      | Gained mutation: You have a pair of small horns on your head. [mutagenic meat]
  1207 | D:5      | Reached skill level 10 in Unarmed Combat
  1222 | D:5      | Found a glowing golden altar of the Shining One.
  1229 | D:5      | Found a hazy altar of Hepliaklqana.
  1403 | D:5      | Found Mefun's Assorted Antiques.
  1445 | D:5      | Killed Pikel
  1445 | D:5      | Reached skill level 11 in Unarmed Combat
  1445 | D:5      | Reached XP level 9. HP: 42/66 MP: 9/9
  1449 | D:5      | Turgon: What do you think is better for speedrunning,
  1449 | D:5      | Turgon: 0.16 or 0.17?
  1449 | D:5      | Bought a lumpy red potion for 22 gold pieces
  1449 | D:5      | Bought 2 orange potions for 45 gold pieces
  1449 | D:5      | Bought 2 smoky silvery potions for 45 gold pieces
  1480 | D:5      | 4thArraOfDagon: 0.16
  1582 | D:5      | Turgon: cTele is more important than being able to cBlink?
  1589 | D:5      | 4thArraOfDagon: there is no argue about that!
  1592 | D:6      | 4thArraOfDagon: oh yes
  1672 | D:4      | Reached skill level 12 in Unarmed Combat
  1738 | D:3      | Turgon: Well, I have unfinished chars in 0.15., 0.16, 0.17, 0.18 and trunk...
  1763 | D:3      | Turgon: Don't want to waste them ofc
  1813 | D:4      | 4thArraOfDagon: any good ones?
  1985 | D:8      | Turgon: I think there are good ones
  2016 | D:8      | Turgon: E.g., after a LONG break I got 3 runes today :-)
  2036 | D:8      | Turgon: http://crawl.xtahua.com/crawl/morgue/Turgon/Turgon.txt
  2078 | D:8      | Noticed rlgrobin's ghost (novice FoFi)
  2089 | D:8      | Turgon: 0.18 TrFi of Ash
  2096 | D:8      | Found Kimmipo's Assorted Antiques.
  2123 | D:8      | Found a glowing golden altar of the Shining One.
  2155 | D:8      | Turgon: And there are interesting octopodes in other versions as well
  2155 | D:8      | 4thArraOfDagon: ohh nice troll
  2173 | D:8      | Bought a scroll labeled HINWUO ZOONOU for 36 gold pieces
  2180 | D:8      | Turgon: +9 slay with both slaying rings
  2181 | D:8      | Turgon: statue available, haste soon
  2213 | D:8      | Became a worshipper of the Shining One
  2266 | D:8      | Turgon: But the Ash change in 0.18 is dubious
  2298 | D:9      | 4thArraOfDagon: do you think its in his favor?
  2349 | D:8      | Killed rlgrobin's ghost
  2349 | D:8      | Reached skill level 13 in Unarmed Combat
  2383 | D:8      | Turgon: I think curse ability is a slight buff in early game but a nerf in midgame
  2464 | D:8      | Turgon: You are even more scroll depentend than before
  2531 | D:9      | 4thArraOfDagon: yea
  2531 | D:9      | 4thArraOfDagon: thats true
  2531 | D:9      | 4thArraOfDagon: i feel the same
  2572 | D:10     | Entered Level 10 of the Dungeon
  2575 | D:10     | Reached XP level 10. HP: 67/72 MP: 10/10
  2600 | D:10     | Reached * piety under the Shining One
  2613 | D:10     | Reached skill level 14 in Unarmed Combat
  2625 | D:10     | Turgon: So when I win this 0.18 troll I probably return to 0.17 (or even 0.16?)
  2898 | D:10     | Reached skill level 1 in Invocations
  2907 | D:10     | Reached skill level 1 in Fighting
  2987 | D:10     | Noticed a hill giant
  2992 | D:10     | Killed a hill giant
  3070 | D:11     | Noticed a hill giant
  3079 | D:11     | Killed a hill giant
  3221 | D:11     | Turgon: This word above looked so wrong. It's "dependent" ofc :-)
  3379 | D:12     | Noticed a hill giant
  3399 | D:12     | Killed a hill giant
  3399 | D:12     | Reached skill level 15 in Unarmed Combat
  3399 | D:12     | Reached XP level 11. HP: 65/86 MP: 12/12
  3405 | D:12     | Reached ** piety under the Shining One
  3438 | D:12     | Found Koured's Assorted Antiques.
  3444 | D:12     | Bought a scroll labeled KALAIT LAROU for 36 gold pieces
  3449 | D:12     | 4thArraOfDagon: :)
  3449 | D:12     | Turgon: Say, you never go for swamp DA, do you?
  3449 | D:12     | 4thArraOfDagon: haha yeah
  3449 | D:12     | Turgon: (with troll)
  3449 | D:12     | Turgon: I think it's good as you have some AC without statue form as well
  3449 | D:12     | 4thArraOfDagon: swamp is with troll is tedious AF
  3489 | D:12     | Turgon: You usually go with robe or sth
  3489 | D:12     | 4thArraOfDagon: all that back and forth to 1v1 every hydra
  3526 | D:12     | Noticed Nergalle
  3527 | D:12     | Turgon: Robe means: easier to cast statue form
  3577 | D:13     | Turgon: But little AC when statue form ends
  3791 | D:13     | Noticed a centaur warrior
  3804 | D:13     | Killed a centaur warrior
  3909 | D:15     | Entered Level 15 of the Dungeon
  3937 | D:15     | Noticed an orc knight
  3939 | D:15     | Noticed a brown ugly thing
  3979 | D:14     | Noticed a white ugly thing
  3979 | D:14     | Reached *** piety under the Shining One
  3980 | D:14     | Noticed a white ugly thing
  4001 | D:14     | Killed a white ugly thing
  4035 | D:14     | Noticed a white ugly thing
  4039 | D:14     | Noticed a white ugly thing
  4040 | D:14     | Noticed a white ugly thing
  4047 | D:14     | Noticed a white ugly thing
  4047 | D:14     | Noticed a white ugly thing
  4048 | D:14     | Noticed a white ugly thing
  4049 | D:14     | Noticed a white ugly thing
  4049 | D:14     | Noticed a white ugly thing
  4051 | D:13     | HP: 3/88 [white ugly thing (26)]
  4056 | D:13     | Noticed an anaconda
  4059 | D:13     | Killed an anaconda
  4065 | D:13     | Noticed a death knight
  4065 | D:13     | Gained mutation: You have supernaturally acute eyesight. (SInv) [mutagenic meat]
  4080 | D:12     | Turgon: 3 AC is a LOT for you!
  4090 | D:13     | Gained mutation: You are agile. (Dex +2) [mutagenic meat]
  4093 | D:13     | Lost mutation: You have supernaturally acute eyesight. (SInv) [mutagenic meat]
  4096 | D:14     | Noticed a skeletal warrior
  4096 | D:14     | Noticed a skeletal warrior
  4096 | D:14     | Noticed a skeletal warrior
  4097 | D:14     | Noticed a skeletal warrior
  4111 | D:13     | Turgon: 3 HP *
  4315 | D:12     | Demolished by a large slime creature

Vault maps used:
D:1:      lightli_arrival_boilingwater
D:2:      minmay_tromino_v4_c, uniq_jessica, uniq_natasha
D:3:      minmay_rats_cheesy_pizza
D:4:      first_bread, nicolae_ossuary_entry_false_entrances, minmay_distorted
D:5:      grunt_temple_overflow_open, gammafunk_temple_overflow_wave,
          serial_shops, nicolae_shop_trees, grunt_ministairs_12, uniq_pikel
D:6:      grunt_gozag_statues, hangedman_decor_peaks_small
D:7:      serial_shops, kennysheep_mini_moat, minmay_gold_behind_fungi,
          uniq_duvessa
D:8:      serial_shops, nicolae_shop_crystal, hangedman_little_slice_of_home,
          nicolae_tso_besieged_by_evil
D:10:     kennysheep_orc_monster_closet_entryway, uniq_psyche
D:11:     dpeg_oklobed_lair
D:12:     serial_shops, nicolae_shop_overgrown_old_shop, uniq_nergalle
D:13:     david_vaults_1, uniq_kirke
D:14:     serial_bayou_shore_b, basic_altar
D:15:     grunt_enter_depths_magical_seal, glass_columns_a,
          hangedman_decor_growths, st_stairs_5, minmay_st_funbox,
          serial_bayou_crossing

Skill      XL: |  1  2  3  4  5  6  7  8  9 10 11 |
---------------+----------------------------------+-----
Unarmed Combat | 1 2 3 4 6 7 9 11 13 15 | 15.7
Invocations    | 2 4 |  4.5
Fighting       | 2 4 |  4.3
Dodging        | 3 4 |  4.6
Stealth        | |  1.1
Spellcasting   | |  1.2
Conjurations   | |  0.6
Ice Magic      | |  2.1

Action                   |  1- 3 |  4- 6 |  7- 9 | 10-12 || total
-------------------------+-------+-------+-------+-------++-------
Melee: Unarmed           |    71 |    68 |   330 |   261 ||   730
       Punch             |       |     2 |    11 |    13 ||    26
       Headbutt          |       |       |    32 |    34 ||    66
Throw: Throwing net      |       |       |       |     2 ||     2
Evoke: Wand              |       |       |       |     9 ||     9
  Use: Potion            |       |     2 |       |     7 ||     9
       Scroll            |       |     5 |     9 |     8 ||    22
 Stab: Sleeping          |     2 |       |     1 |       ||     3
  Eat: Chunk             |       |     9 |    23 |    23 ||    55
       Beef jerky        |       |       |       |     1 ||     1
Armor: Robe              |    41 |    43 |   123 |    46 ||   253
       Skin              |       |       |       |    13 ||    13
Dodge: Dodged            |    50 |    52 |   184 |   101 ||   387
